 Dungeon Crawl Stone Soup version 0.25-a0-578-gc91f01c39c (webtiles) character file.

Game seed: 7859827960847204813, levelgen mode: deterministic

17 MisterFreud the Skirmisher (level 2, 0/25 HPs)
             Began as a Formicid Wanderer on Mar 3, 2020.
             Succumbed to an adder's poison
             ... on level 1 of the Dungeon.
             The game lasted 00:01:51 (405 turns).

MisterFreud the Skirmisher (Formicid Wanderer)       Turns: 405, Time: 00:01:52

Health: 0/25       AC: 10    Str: 18    XL:     2   Next: 80%
Magic:  2/2        EV:  9    Int: 12    God:
Gold:   7          SH:  0    Dex:  7    Spells: 1/1 levels left

rFire    . . .     SeeInvis +   a - +0 hand axe
rCold    . . .     Gourm    .   (no shield)
rNeg     . . .     Faith    .   c - +2 scale mail
rPois    .         Spirit   .   (helmet unavailable)
rElec    .         Reflect  .   (no cloak)
rCorr    .         Harm     .   e - +0 pair of gloves (curse)
MR       .....                  (no boots)
Stlth    ..........             (no amulet)
HPRegen  0.08/turn              (no ring)
MPRegen  0.08/turn              (no ring)

@: lethally poisoned (0 -> -6)
A: permanent stasis, dig shafts and tunnels, four strong arms, antennae 3
a: Dig, Shaft Self


You were on level 1 of the Dungeon.
You were not hungry.

You visited 1 branch of the dungeon, and saw 1 of its levels.

You collected 7 gold pieces.

Inventory:

Hand Weapons
 a - a +0 hand axe (weapon)
 b - a +0 hand crossbow
Missiles
 d - 25 bolts
Armour
 c - a +2 scale mail (worn)
 e - a cursed +0 pair of gloves (worn)
Scrolls
 h - a scroll of remove curse {unknown}
 i - a scroll of fear {unknown}
 j - a scroll of enchant armour {unknown}
Comestibles
 f - 3 rations
 g - 2 chunks of flesh


   Skills:
 * Level 4.3 Fighting
 - Level 2.0 Crossbows
 - Level 3.2 Armour
 - Level 1.2 Stealth
   Level 1.1 Evocations


You had one spell level left.
You didn't know any spells.
Your spell library was empty.

Dungeon Overview and Level Annotations

Branches:
Dungeon (1/15)

Altars:


Innate Abilities, Weirdness & Mutations

You cannot be hasted, slowed, berserked, paralysed or teleported.
You can dig through walls and to a lower floor.
Your four strong arms can wield two-handed weapons with a shield.
You have a pair of large antennae on your head. (SInv)


Message History

You dig through the rock wall.
A kobold comes into view. It is wielding a +0 whip.
The kobold shouts!
The adder bites you.
* * * LOW HITPOINT WARNING * * *
You are more poisoned.
The adder poisons you!
You aren't carrying any potions.
You retract your mandibles.
* * * LOW HITPOINT WARNING * * *
You feel sick.
* * * LOW HITPOINT WARNING * * *
You feel sick. The adder bites you but does no damage.
* * * LOW HITPOINT WARNING * * *
You feel sick. The adder bites you but does no damage.
* * * LOW HITPOINT WARNING * * *
You feel sick.
You die...

....# ##.....## ##.#.# #.#
##..# ##.......## ##..#.#
#.#
##.####.........####...#รท#
#.#
#....'.........+........#
#.#
#.####.........####...#.#
#.# #.# ##.......##
##..#.###.# #.# ##.....##
##.......#
#########...##### ###)#####
#......SSK.S.@.# #.# .
#.###.##..####.# #.# .
#.##.###..# #.# #.# .#
#.###.##{.####.#######.#
..##.# #S.................#
...#.###.#.....##.#########
.....g..g.....###.#
....###.#.#..####.#
.....(....#.......#


You could see an adder, 2 ball pythons and a kobold.

Vanquished Creatures
  A dart slug (D:1)
  2 bats (D:1)
  A giant cockroach (D:1)
  2 goblins (D:1)
  2 hobgoblins (D:1)
  2 ball pythons (D:1)
  3 frilled lizards (D:1)
  A kobold (D:1)
  A rat (D:1)
15 creatures vanquished.

Notes
Turn   | Place    | Note
-------+----------+-------------------------------------------
     0 | D:1      | MisterFreud the Formicid Wanderer began the quest for the
                  | Orb.
     0 | D:1      | MisterFreud set off with the following items: a +0 mace, a
                  | +2 scale mail, a +0 hand crossbow, 26 bolts, a ration
     0 | D:1      | Reached XP level 1. HP: 18/18 MP: 1/1
    56 | D:1      | Reached XP level 2. HP: 25/25 MP: 2/2
   104 | D:1      | Reached skill level 4 in Fighting
   403 | D:1      | HP: 1/25 [poisoned by an adder]
   405 | D:1      | Succumbed to an adder's poison

Levels and vault maps discovered:
D:1:      dpeg_arrival_stonehenge_12_columns, layout_loops_corners,
          minmay_shallow_snake_nest

Skill      XL: |  1  2 |
---------------+-------+-----
Fighting       | 4 |  4.3
Crossbows      | |  2.0
Armour         | |  3.2
Stealth        | |  1.2
Evocations     | |  1.1

Action                   || total
-------------------------++-------
Melee: Hand axe          ||    26
       Mace              ||     3
 Fire: Hand crossbow     ||    14
 Abil: Dig               ||     1
Armor: Scale mail        ||    35
Dodge: Dodged            ||    26

Table legend:
 A = Non-vault XP
 B = Vault XP
 C = Vault XP percentage of total XP
 D = Non-vault monster count
 E = Vault monster count
 F = Vault count percentage of total count
                 A         B        C        D         E       F
            +---------+---------+-------+---------+---------+-------
      Total |      23 |       2 |   8.0 |      14 |       1 |   6.7
            +---------+---------+-------+---------+---------+-------
        D:1 |      23 |       2 |   8.0 |      14 |       1 |   6.7
            +---------+---------+-------+---------+---------+-------
